 Dungeon Crawl Stone Soup version 0.28.0-49-g6dfe1f597d (webtiles) character file.

Game seed: 3895120219567356752

109 Zeld the Insei (level 4, 0/29 HPs)
             Began as an Octopode Transmuter on May 11, 2022.
             Was an Initiate of Gozag.
             Slain by a frilled lizard (2 damage)
             ... in a sewer.
             The game lasted 00:03:59 (2689 turns).

Zeld the Insei (Octopode Transmuter)                Turns: 2689, Time: 00:04:00

Health: 0/29       AC:  1    Str: 11    XL:     4   Next: 89%
Magic:  7/7        EV: 13    Int: 15    God:    Gozag
Gold:   198        SH:  4    Dex: 12    Spells: 2/8 levels left

rFire   . . .      SeeInvis .     - Unarmed
rCold   . . .      Faith    .   (no shield)
rNeg    . . .      Spirit   .   (helmet currently unavailable)
rPois   .          Reflect  .   (no amulet)
rElec   .          Harm     .   (no ring)
rCorr   .          Rampage  .   (no ring)
Will    .....                   (no ring)
Stlth   ++++......              (no ring)
HPRegen 0.09/turn               (no ring)
MPRegen 0.10/turn               (no ring)
                                (no ring)
                                (no ring)

@: lethally poisoned (0 -> -3), appendages (expiring), gold aura
A: tentacle spike 3, almost no armour, amphibious, 8 rings, camouflage 1,
gelatinous body 1, nimble swimmer 1, tentacles, large bone plates 1, MP-powered
wands
a: End Transformation, Renounce Religion, Potion Petition, Call Merchant, Bribe
Branch


You were in a sewer.
You worshipped Gozag.
Gozag was aware of your devotion.
One of your tentacles had grown a beastly spike.
You visited 1 branch of the dungeon, and saw 3 of its levels.
You also visited: Sewer.

You collected 229 gold pieces.
You paid 31 gold pieces to Gozag.

Inventory:

Scrolls
 a - a scroll of fear {unknown}
 b - 3 scrolls of immolation {unknown}
 c - 2 scrolls of fog {unknown}
 f - 2 scrolls of vulnerability {unknown}
 g - a scroll of identify {unknown}
Potions
 e - a potion of flight {unknown}


   Skills:
 * Level 2.2 Fighting
 + Level 2.3 Dodging
 + Level 1.4 Stealth
 + Level 3.2 Unarmed Combat
 * Level 2.6 Spellcasting
 * Level 2.5 Transmutations
 + Level 0.7 Ice Magic
 + Level 1.4 Poison Magic


You had 2 spell levels left.
You knew the following spells:

 Your Spells              Type           Power      Damage    Failure   Level
a - Beastly Appendage     Tmut           18%        N/A       8%          1
b - Wereblood             Tmut           9%         N/A       11%         2
c - Spider Form           Tmut/Pois      7%         N/A       28%         3

Your spell library contained the following spells:

 Spells                   Type           Power      Damage    Failure   Level
 Ice Form                 Ice/Tmut       6%         N/A       71%         4


Dungeon Overview and Level Annotations

Branches:
Dungeon (3/15)              Sewer (1/1)

Altars:
Gozag
Zin


Innate Abilities, Weirdness & Mutations

One of your tentacles has grown a beastly spike.
You cannot wear most types of armour.
You are amphibious.
You can wear up to eight rings at the same time.
Your skin changes colour to match your surroundings (Stealth+).
Your rubbery body absorbs attacks. (AC +1, EV +1)
You are camouflaged when in or above water. (Stealth+)
You have tentacles for arms and can constrict up to eight enemies at once.
You are partially covered in large bone plates. (SH +4)
You expend magic power (3 MP) to strengthen your wands.


Message History

The adder barely misses you. The adder completely misses you.
Unknown command.
You barely miss the adder. You grab the adder.
The adder is moderately wounded.
You constrict the adder. The adder misses you. The adder bites you.
Unknown command.
You tentacle-slap the adder.
You pierce the adder.
You kill the adder!
The adder bites you. The adder closely misses you.
Unknown command.
You barely miss the adder. Your grab misses the adder.
Your tentacle spike misses the adder.
The adder misses you.
You tentacle-slap the adder. Your grab misses the adder.
Your tentacle spike misses the adder.
The adder is lightly wounded.
The adder bites you.
You are poisoned.
The adder poisons you!
You tentacle-slap the adder but do no damage.
Your grab misses the adder.
The adder is lightly wounded.
You feel sick. The adder bites you.
* * * LOW HITPOINT WARNING * * *
The frilled lizard bites you but does no damage.
Unknown command.
You tentacle-slap the adder but do no damage.
Your grab misses the adder. You tentacle-slap the adder.
The adder is moderately wounded.
You feel sick. The adder closely misses you. The frilled lizard bites you.
* * * LOW HITPOINT WARNING * * *
The adder bites you.
* * * LOW HITPOINT WARNING * * *
It was a potion of mutation.
You feel extremely strange.
You feel yourself wasting away.
You feel healthier.
You feel your magical essence link to the dungeon's wands.
Large bone plates grow over parts of your tentacles.
* * * LOW HITPOINT WARNING * * *
You feel sick. The frilled lizard bites you.
You die...
Your body crumbles into a pile of gold.

######## #### #....≈≈#
##.≈##
#..#..≈########.≈≈≈###
#.##...........≈≈≈≈∩∩#
#.####################
#...≈≈≈≈≈≈≈≈≈≈≈S≈≈≈###
#..≈≈≈.≈≈..≈..@l≈≈≈≈≈≈
##≈≈≈≈.####..##########
#≈≈≈..## #### #######


You could see an adder and a frilled lizard.

Vanquished Creatures
  5 adders
  A worm (D:2)
  4 dart slugs
  4 orcs (D:3)
  2 bats
  2 endoplasms (D:2)
  2 giant cockroaches
  6 hobgoblins
  3 jackals (D:3)
  A quokka (D:1)
  5 ball pythons
  5 frilled lizards
  2 goblins
  2 kobolds (D:1)
  10 rats
54 creatures vanquished.

Vanquished Creatures (others)
  A plant (D:2)
1 creature vanquished.

Grand Total: 55 creatures vanquished

Notes
Turn   | Place    | Note
-------+----------+-------------------------------------------
     0 | D:1      | Zeld the Octopode Transmuter began the quest for the Orb.
     0 | D:1      | Reached XP level 1. HP: 13/13 MP: 3/3
   319 | D:1      | Reached XP level 2. HP: 17/18 MP: 3/5
   583 | D:1      | Reached skill level 1 in Stealth
  1163 | D:2      | Reached XP level 3. HP: 23/23 MP: 6/6
  1167 | D:2      | Reached skill level 1 in Poison Magic
  1170 | D:2      | Learned a level 2 spell: Wereblood
  1174 | D:2      | Learned a level 3 spell: Spider Form
  1769 | D:2      | Found an opulent altar of Gozag.
  1800 | D:2      | Became a worshipper of Gozag Ym Sagoz the Greedy
  1884 | D:2      | Reached XP level 4. HP: 28/29 MP: 7/7
  1905 | D:2      | Found a faded altar of an unknown god.
  2476 | D:3      | Found a glowing silver altar of Zin.
  2595 | D:3      | Found a glowing drain.
  2607 | Sewer    | Entered a sewer
  2689 | Sewer    | Gained mutation: Your body sometimes deteriorates upon
                  | taking damage. [potion of mutation]
  2689 | Sewer    | Lost mutation: Your body sometimes deteriorates upon taking
                  | damage. [potion of mutation]
  2689 | Sewer    | Gained mutation: You expend magic power (3 MP) to
                  | strengthen your wands. [potion of mutation]
  2689 | Sewer    | Gained mutation: You are partially covered in large bone
                  | plates. (SH +4) [potion of mutation]
  2689 | Sewer    | Slain by a frilled lizard

Illustrated notes

Levels and vault maps discovered:
D:1:      minmay_arrival_radiant_lines, layout_basic
D:2:      minmay_alternating_diamond, layout_loops_ring,
          shapermc_ecumenical_altar_acropolis, basic_altar
D:3:      layout_loops_ring, portal_sewer_entry_d, kennysheep_flooded_box,
          kennysheep_generic_room_10
Sewer:    sewer_sea

Skill      XL: |  1  2  3  4 |
---------------+-------------+-----
Stealth        | 1 |  1.4
Poison Magic   | 1 |  1.4
Fighting       | 2 |  2.2
Dodging        | |  2.3
Unarmed Combat | |  3.2
Spellcasting   | |  2.6
Transmutations | |  2.5
Ice Magic      | |  0.7

Action                   |  1- 3 |  4- 6 || total
-------------------------+-------+-------++-------
Melee: Unarmed           |    69 |    46 ||   115
       Constrict         |    22 |    14 ||    36
       Kick              |    17 |    15 ||    32
       Tentacles         |    12 |     3 ||    15
       Punch             |     3 |     2 ||     5
 Cast: Beastly Appendage |    23 |    10 ||    33
  Use: Potion            |       |     1 ||     1
 Stab: Sleeping          |     3 |     4 ||     7
Armor: Skin              |     3 |     5 ||     8
Dodge: Dodged            |    50 |    21 ||    71
